 Dungeon Crawl Stone Soup version 0.29.1-15-g9cfb28693d (webtiles) character file.

Game seed: 2807350539986554058

53839 croobank the Unforgettable (level 14, -23/97 HPs)
             Began as a Demonspawn Fire Elementalist on Apr 27, 2023.
             Was the Champion of Hepliaklqana.
             Annihilated by a white very ugly thing (29 damage)
             ... on level 14 of the Dungeon.
             The game lasted 01:33:49 (26827 turns).

croobank the Unforgettable (DsFE)                  Turns: 26827, Time: 01:33:49

Health: -23/97     AC: 14    Str:  9    XL:     14   Next: 32%
Magic:  22/26      EV: 17    Int: 21    God:    Hepliaklqana [******]
Gold:   835        SH:  0    Dex: 20    Spells: 18/30 levels left

rFire   . . .      SeeInvis .   M - +7 spear
rCold   . . .      Faith    .   Q - orb {*Rage}
rNeg    . . .      Spirit   .   f - +4 troll leather armour
rPois   .          Reflect  .   j - +1 hat
rElec   .          Harm     .   J - +0 cloak
rCorr   .          Rampage  .   s - +2 pair of gloves
Will    +++..      Rage     20% N - +0 pair of boots
Stlth   +++++++...              (no amulet)
HPRegen 1.06/turn               x - ring of willpower
MPRegen 0.20/turn               R - ring of willpower

@: on berserk cooldown, slowed, very slow
A: reduced essence, horns 2, thin skeletal structure 3, powered by death 1,
spiny 1, corrupting presence 1
a: Renounce Religion, Recall Ancestor, Ancestor Identity, Transference, Idealise


You were on level 14 of the Dungeon.
You worshipped Hepliaklqana.
Hepliaklqana was exalted by your worship.
You visited 2 branches of the dungeon, and saw 19 of its levels.

You collected 1145 gold pieces.
You spent 310 gold pieces at shops.

Inventory:

Hand Weapons
 a - a +2 dagger of venom
 K - a +3 short sword of freezing
 M - a +7 spear (weapon)
 V - a +1 scimitar of protection
 X - a +0 demon trident
Missiles
 e - 3 silver javelins
 W - 2 atropa-tipped darts
 Z - 3 javelins
Armour
 f - a +4 troll leather armour (worn)
 j - a +1 hat (worn)
 s - a +2 pair of gloves (worn)
 y - an orb of light
 A - a +2 leather armour of fire resistance
 H - the +2 robe "Katu" {-Tele Harm rElec Regen+}
   (You found it on level 5 of the Lair of Beasts)

   rElec:     It insulates you from electricity.
   -Tele:     It prevents most forms of teleportation.
   Regen:     It increases your rate of health regeneration.
   Harm:      It increases damage dealt and taken.
 J - a +0 cloak (worn)
 N - a +0 pair of boots (worn)
 Q - an orb of wrath (worn)
Jewellery
 h - a ring of protection from cold
 i - an amulet of guardian spirit
 w - a +4 ring of protection
 x - a ring of willpower (left hand)
 G - a +6 ring of dexterity
 I - a ring of flight
 R - a ring of willpower (right hand)
Wands
 B - a wand of light (6)
 D - a wand of flame (68)
 F - a wand of digging (7)
 L - a wand of iceblast (12)
 P - a wand of paralysis (9)
 U - a wand of mindburst (10)
Scrolls
 b - 3 scrolls of poison
 c - 5 scrolls of teleportation
 d - a scroll of fear
 m - a scroll of enchant weapon
 n - 4 scrolls of magic mapping
 q - 2 scrolls of blinking
 v - 3 scrolls of vulnerability
 E - 3 scrolls of identify
 S - a scroll of amnesia
Potions
 g - 15 potions of curing
 k - 2 potions of might
 l - 4 potions of mutation
 o - 3 potions of heal wounds
 p - a potion of resistance
 r - a potion of invisibility
 t - 6 potions of flight
 u - 2 potions of attraction
 z - 4 potions of cancellation
 C - 4 potions of brilliance
 O - 2 potions of haste
 T - 2 potions of lignification
 Y - 2 potions of ambrosia


   Skills:
 + Level 9.0 Fighting
 + Level 8.8 Dodging
 + Level 9.5 Stealth
 + Level 8.8 Spellcasting
 + Level 9.2 Conjurations
 + Level 4.9 Hexes
 + Level 4.5 Transmutations
 + Level 8.9 Fire Magic
 + Level 5.0 Poison Magic
 + Level 11.7 Invocations


You had 18 spell levels left.
You knew the following spells:

 Your Spells              Type           Power      Damage    Failure   Level
a - Foxfire               Conj/Fire      100%       2x1d9     1%          1
b - Scorch                Fire           92%        2d10      1%          2
c - Inner Flame           Hex/Fire       38%        N/A       1%          3
d - Mephitic Cloud        Conj/Pois/Air  29%        N/A       4%          3
e - Ignite Poison         Fire/Tmut/Pois 35%        N/A       2%          3

Your spell library contained the following spells:

 Spells                   Type           Power      Damage    Failure   Level
 Conjure Flame            Conj/Fire      47%        6-21      1%          3
 Dazzling Flash           Conj/Hex       78%        N/A       1%          3
 Flame Wave               Conj/Fire      47%        2d12      2%          4
 Sticky Flame             Conj/Fire      47%        2d6       2%          4
 Fireball                 Conj/Fire      23%        3d11      7%          5
 Cause Fear               Hex            15%        N/A       14%         4
 Hailstorm                Conj/Ice       28%        3d8       16%         4
 Gell's Gravitas          Tloc           9%         N/A       30%         3
 Lesser Beckoning         Tloc           9%         N/A       30%         3
 Swiftness                Air            9%         N/A       30%         3
 Teleport Other           Tloc           9%         N/A       30%         3
 Starburst                Conj/Fire      23%        6d8       36%         6
 Ice Form                 Ice/Tmut       18%        N/A       38%         4
 Lightning Bolt           Conj/Air       14%        1d27      38%         5
 Corpse Rot               Necr/Pois/Air  16%        N/A       45%         4
 Freezing Cloud           Conj/Ice/Air   11%        6-21      63%         5
 Summon Lightning Spire   Summ/Air       9%         N/A       71%         4
 Silence                  Hex/Air        9%         N/A       71%         5
 Agony                    Necr           9%         N/A       96%         5
 Simulacrum               Ice/Necr       4%         N/A       100%        6
 Dragon Form              Tmut           14%        N/A       100%        7
 Ignition                 Fire           23%        3d8       100%        8
 Dragon's Call            Summ           4%         N/A       100%        9


Dungeon Overview and Level Annotations

Branches:
Dungeon (14/15)            Temple (0/1) D:5            Lair (5/5) D:8
 Shoals (0/4) Lair:3        Snake (0/4) Lair:2        Slime (0/5) Lair:4
    Orc (0/2) D:11
 Vaults: D:13-14

Altars:
Hepliaklqana
Qazlal
Xom
Jiyva

Shops:
D:6 [   D:7 ?*   D:9 !   D:10 !

Annotations:
D:13 3 runed translucent doors, sigtrap's ghost, journeyman TrBe


Innate Abilities, Weirdness & Mutations

Your life essence is reduced to manifest your ancestor. (-10% HP)
You have a pair of horns on your head.
You have an unnaturally thin skeletal structure. (Dex +6, Stealth+++)
You regenerate a little health from kills.
You are partially covered in sharp spines.
Your presence sometimes corrodes those you injure.


Message History

The white very ugly thing is engulfed in blazing flames.
Flame seeps out of the white very ugly thing.
The white very ugly thing pecks you.
The white very ugly thing freezes you!!!
Your Poison Magic skill increases to level 5!
You feel a strong urge to attack something.
The white very ugly thing is engulfed in blazing flames.
Flame seeps out of the white very ugly thing.
The white very ugly thing pecks you!! The white very ugly thing freezes you!!
You hit the white very ugly thing but do no damage.
Your headbutt misses the white very ugly thing.
The white very ugly thing is heavily wounded.
The white very ugly thing pecks you but does no damage.
The white ugly thing basks in the mutagenic energy from its kin and changes!
The red ugly thing basks in the mutagenic energy from its kin and changes!
The white ugly thing bites you! The white ugly thing freezes you!!
* * * LOW HITPOINT WARNING * * *
Sunngifu points at the white very ugly thing and mumbles some strange words.
The puff of frost hits the white very ugly thing.
The white very ugly thing completely resists.
Reach: M) +7 spear
Press: ? - help, Dir - move target, f/p - white very ugly thing
Aim: a white very ugly thing (heavily wounded, inner flame, ally target, about 27% to evade your +7 spear)
Okay, then.
You feel a strong urge to attack something.
You are no longer berserk.
You are exhausted.
You feel yourself slow down.
Sunngifu barely misses the white very ugly thing.
The green ugly thing bites Sunngifu!
The green ugly thing tail-slaps Sunngifu!
Sunngifu is destroyed!
The white ugly thing basks in the mutagenic energy from its kin and changes!
You see here a +0 long sword.
The red ugly thing basks in the mutagenic energy from its kin and changes!
The white ugly thing basks in the mutagenic energy from its kin and changes!
The white very ugly thing pecks you!
* * * LOW HITPOINT WARNING * * *
The white very ugly thing freezes you!!
You die...

*,,,,,,* *,,,,,,,,,,,,,*,,,,,,
*,,,,,,*****,,,,,,,,,,,,,*,,,,,,
*,,,,,,,,,,,,,,,,,,,,,,,,*+..,,,
*,,,,,,,,,,,,,,,,,,,,,,,,....,,,
*,,,,,,,,***************#....,,,
*,,,,,.,,* *##.....,*,
*,,,,,...#############.......,,,
*,,,,,................u†..#..,,,
*,,,,,.......<.@u).uu........,,,
*,,,,*#......##..##u.........,∩,
*,,,,*#......*#......u.......,,,
*,,,,*#......*#..............,,,
*,,,,*#......................,,,
*,,,,,......................#,,,
*,,,,,##+##############......,,,
*,,,,,*,,,,* *###...,,,
*,,*,,*,,,,* *#..,,,


You could see a white very ugly thing (inner flame) and 4 ugly things.

Vanquished Creatures
  Kirke (D:13)
  A dire elephant (Lair:5)
  A catoblepas (Lair:2)
  A centaur warrior (D:13)
  A two-headed ogre (D:13)
  A deep troll shaman (Lair:5)
  4 death yaks (Lair:5)
  4 skeletal warriors (D:11)
  2 deep elf pyromancers (D:13)
  2 cyclopes
  11 elephants
  2 black mambas
  A gargoyle (D:11)
  2 kobold demonologists
  5 cane toads
  An unseen horror (D:11)
  2 rime drakes (Lair:4)
  3 komodo dragons
  3 trolls
  A polar bear (Lair:5)
  3 hornets
  Grinder (D:4)
  2 slime creatures (D:12)
  10 blink frogs
  3 dream sheep (Lair:5)
  A wraith (D:9)
  4 wyverns
  A basilisk (D:6)
  22 yaks
  2 hogs (D:13)
  A naga (Lair:2)
  Menkaure (D:5)
  3 water moccasins
  An orc warrior (D:12)
  A black bear (Lair:1)
  3 centaurs
  7 wolves
  A phantom (D:5)
  4 bullfrogs
  3 gnoll sergeants
  3 scorpions
  3 wights (D:7)
  2 killer bees
  2 electric eels (Lair:1)
  3 howler monkeys
  4 hounds
  4 orc priests
  A jelly (D:5)
  3 iguanas
  2 orc wizards
  4 adders
  12 gnolls
  A white imp (D:6)
  3 ufetubi
  2 worms
  5 dart slugs
  30 orcs
  9 ball pythons
  7 endoplasms
  5 giant cockroaches
  6 goblins
  5 hobgoblins
  7 jackals
  11 kobolds
  6 quokkas
  4 bats
  2 frilled lizards (D:1)
  6 rats
275 creatures vanquished.

Vanquished Creatures (collateral kills)
  Rupert (Lair:5)
  A hydra (D:12)
  A boulder beetle (D:11)
  2 catoblepae
  A two-headed ogre (D:9)
  6 death yaks (Lair:5)
  A deep elf pyromancer (D:14)
  An ugly thing (D:14)
  A manticore (D:12)
  A cyclops (D:13)
  5 elephants
  A black mamba (Lair:5)
  A rime drake (Lair:1)
  4 cane toads
  A gargoyle (D:12)
  2 kobold demonologists
  3 komodo dragons
  3 trolls
  3 polar bears
  A hornet (D:9)
  4 blink frogs
  3 slime creatures (D:12)
  A snapping turtle (Lair:3)
  4 dream sheep (Lair:5)
  2 wyverns (Lair:5)
  12 yaks
  2 hogs (D:13)
  A steam dragon (D:8)
  A naga (Lair:2)
  An acid dragon (D:12)
  6 water moccasins
  3 orc warriors
  A swamp drake (D:11)
  A black bear (D:7)
  An ogre (D:6)
  4 centaurs
  3 wolves
  A phantom (D:4)
  3 bullfrogs
  A kobold brigand (D:9)
  A scorpion (D:7)
  4 wights (D:7)
  5 killer bees
  4 howler monkeys
  A jelly (Lair:4)
  3 orc priests
  A gnoll bouda (D:6)
  An iguana (D:5)
  Ijyb (D:4)
  6 orc wizards
  7 gnolls
  A worm (D:3)
  14 orcs
  3 endoplasms (D:4)
  A goblin (D:4)
  A hobgoblin (D:4)
  2 jackals (D:3)
  A bat (D:3)
  2 kobolds
  14 foxfires
168 creatures vanquished.

Vanquished Creatures (others)
  18 battlemagi
  980 foxfires
  18 fungi
  29 plants
1045 creatures vanquished.

Grand Total: 1488 creatures vanquished

Notes
Turn   | Place    | Note
-------+----------+-------------------------------------------
     0 | D:1      | croobank the Demonspawn Fire Elementalist began the quest
                  | for the Orb.
     0 | D:1      | Reached XP level 1. HP: 13/13 MP: 3/3
   355 | D:1      | Gained mutation: You are partially covered in sharp spines.
                  | [demonic ancestry]
   355 | D:1      | Reached XP level 2. HP: 19/19 MP: 0/5
   358 | D:1      | Learned a level 2 spell: Scorch
  1495 | D:2      | Gained mutation: You have a somewhat thin skeletal
                  | structure. (Dex +2, Stealth+) [demonic ancestry]
  1495 | D:2      | Reached XP level 3. HP: 24/25 MP: 0/6
  2537 | D:2      | Reached XP level 4. HP: 31/31 MP: 5/7
  2875 | D:2      | Found a faded altar of an unknown god.
  2879 | D:2      | Prayed at the altar of an unknown god.
  2879 | D:2      | Became a worshipper of Hepliaklqana the Forgotten
  2879 | D:2      | Reached * piety under Hepliaklqana
  3160 | D:3      | Reached skill level 1 in Fighting
  3669 | D:3      | Reached ** piety under Hepliaklqana
  3670 | D:3      | Remembered your ancestor Sunngifu as a battlemage
  3954 | D:3      | Reached skill level 1 in Invocations
  4247 | D:4      | Noticed a phantom
  4255 | D:4      | Killed a phantom
  4256 | D:4      | Gained mutation: You regenerate a little health from kills.
                  | [demonic ancestry]
  4256 | D:4      | Reached XP level 5. HP: 33/33 MP: 1/9
  4370 | D:4      | Identified the +2 robe "Uho Zoixtu" {+Inv}
  4711 | D:4      | Gained mutation: You have a pair of small horns on your
                  | head. [demonic ancestry]
  4711 | D:4      | Reached XP level 6. HP: 39/39 MP: 1/10
  4718 | D:4      | Reached skill level 2 in Invocations
  5331 | D:4      | Noticed Grinder
  5335 | D:4      | Killed Grinder
  5336 | D:4      | Gained mutation: You have a pair of horns on your head.
                  | [demonic ancestry]
  5336 | D:4      | Reached XP level 7. HP: 45/45 MP: 4/11
  5530 | D:4      | Noticed Ijyb
  5544 | D:4      | Killed Ijyb
  5777 | D:5      | Entered Level 5 of the Dungeon
  5845 | D:5      | Reached skill level 3 in Invocations
  6279 | D:5      | Reached *** piety under Hepliaklqana
  6299 | D:5      | Noticed Menkaure
  6302 | D:5      | Killed Menkaure
  6403 | D:5      | Found a staircase to the Ecumenical Temple.
  6410 | D:5      | Reached XP level 8. HP: 52/52 MP: 5/13
  6716 | D:5      | Found a stormy altar of Qazlal.
  6716 | D:5      | Found a shimmering altar of Xom.
  6747 | D:6      | Reached skill level 4 in Invocations
  6778 | D:6      | Found Lelami's Antique Armour Emporium.
  8015 | D:7      | Found Omiss's Overcharged Wands.
  8070 | D:7      | Found Cauxosy's Magic Scroll Boutique.
  8176 | D:7      | Reached skill level 5 in Invocations
  8425 | D:7      | Bought a scroll of enchant armour for 120 gold pieces
  8425 | D:7      | Bought a scroll of blinking for 120 gold pieces
  8738 | D:7      | Reached XP level 9. HP: 58/58 MP: 11/15
  8976 | D:7      | Reached **** piety under Hepliaklqana
  9114 | D:8      | Reached skill level 5 in Stealth
  9114 | D:8      | Reached skill level 5 in Fire Magic
  9240 | D:8      | Reached skill level 6 in Invocations
  9251 | D:8      | Reached skill level 5 in Dodging
  9251 | D:8      | Reached skill level 5 in Conjurations
  9254 | D:8      | Reached skill level 5 in Spellcasting
  9261 | D:8      | Reached skill level 5 in Fighting
  9381 | D:8      | Gained mutation: You have a moderately thin skeletal
                  | structure. (Dex +4, Stealth++) [demonic ancestry]
  9381 | D:8      | Reached XP level 10. HP: 66/66 MP: 8/17
  9385 | D:8      | Reached skill level 7 in Invocations
  9539 | D:8      | Found a staircase to the Lair.
 10212 | D:9      | Noticed a two-headed ogre
 10219 | D:9      | Killed a two-headed ogre
 10293 | D:9      | Learned a level 3 spell: Inner Flame
 10830 | D:9      | Identified a scroll of acquirement
 11128 | D:9      | Found Dasmin's Distillery.
 11135 | D:9      | Bought a potion of heal wounds for 70 gold pieces
 11429 | D:10     | Entered Level 10 of the Dungeon
 11703 | D:10     | Found Xicwis's Distillery.
 11759 | D:10     | Reached skill level 8 in Invocations
 11815 | D:10     | Reached ***** piety under Hepliaklqana
 12378 | D:11     | Found a staircase to the Orcish Mines.
 12749 | D:11     | Noticed a cyclops
 12761 | D:11     | Killed a cyclops
 12762 | D:11     | Reached XP level 11. HP: 64/72 MP: 10/20
 13078 | D:11     | Noticed a skeletal warrior
 13365 | Lair:1   | Entered Level 1 of the Lair of Beasts
 13773 | Lair:1   | You fall into a shaft and drop 1 floor!
 13780 | Lair:2   | Found a staircase to the Snake Pit.
 14031 | Lair:1   | Noticed a catoblepas
 14038 | Lair:1   | Killed a catoblepas
 14039 | Lair:1   | Reached skill level 9 in Invocations
 15830 | Lair:2   | Noticed a catoblepas
 15844 | Lair:2   | Killed a catoblepas
 15845 | Lair:2   | Gained mutation: You have an unnaturally thin skeletal
                  | structure. (Dex +6, Stealth+++) [demonic ancestry]
 15845 | Lair:2   | Reached XP level 12. HP: 57/81 MP: 8/22
 16838 | Lair:3   | Acquired the Lessons on the Wind
 16844 | Lair:3   | Learned a level 3 spell: Mephitic Cloud
 16848 | Lair:3   | Learned a level 3 spell: Ignite Poison
 17327 | Lair:3   | Reached skill level 1 in Transmutations
 17327 | Lair:3   | Reached skill level 1 in Poison Magic
 17329 | Lair:3   | Reached skill level 1 in Hexes
 17329 | Lair:3   | Reached skill level 10 in Invocations
 17514 | Lair:3   | Reached ****** piety under Hepliaklqana
 17853 | Lair:3   | Found a staircase to the Shoals.
 18329 | Lair:4   | Found a runed translucent door.
 19168 | Lair:4   | Found a viscous altar of Jiyva.
 19171 | Lair:4   | Found a staircase to the Slime Pits.
 19471 | Lair:5   | Entered Level 5 of the Lair of Beasts
 19948 | Lair:5   | Noticed a death yak
 19950 | Lair:5   | Noticed a death yak
 19951 | Lair:5   | Noticed a death yak
 19953 | Lair:5   | Noticed a death yak
 19954 | Lair:5   | Noticed a death yak
 19964 | Lair:5   | Killed a death yak
 19970 | Lair:5   | Killed a death yak
 19970 | Lair:5   | Killed a death yak
 19971 | Lair:5   | Reached XP level 13. HP: 25/88 MP: 16/24
 20187 | Lair:5   | Identified the +2 robe "Katu" {-Tele Harm rElec Regen+}
 20293 | Lair:5   | Noticed Rupert
 20304 | Lair:5   | Killed Rupert
 21062 | Lair:5   | Reached skill level 11 in Invocations
 21574 | Lair:5   | HP: 2/89 [death yak (24)]
 22254 | Lair:5   | Noticed a dire elephant
 22268 | Lair:5   | Killed a dire elephant
 24471 | D:11     | Gained mutation: Your presence sometimes corrodes those you
                  | injure. [demonic ancestry]
 24471 | D:11     | Reached XP level 14. HP: 89/95 MP: 18/26
 24570 | D:12     | Acquired a book of Fire
 25608 | D:13     | Found a runed translucent gate.
 25608 | D:13     | Found a runed translucent gate.
 25608 | D:13     | Found a runed translucent gate.
 25790 | D:13     | Noticed an acid blob
 25790 | D:13     | Noticed an azure jelly
 25793 | D:13     | Found a viscous altar of Jiyva.
 25793 | D:13     | Noticed an acid blob
 25793 | D:13     | Noticed an acid blob
 25793 | D:13     | Noticed sigtrap's ghost (journeyman TrBe)
 25793 | D:13     | Noticed an acid blob
 25793 | D:13     | Noticed a quicksilver ooze
 25794 | D:13     | Noticed an azure jelly
 25828 | D:13     | Noticed Kirke
 25842 | D:13     | Killed Kirke
 26811 | D:14     | Noticed a white very ugly thing
 26819 | D:14     | Reached skill level 5 in Poison Magic
 26827 | D:14     | Annihilated by a white very ugly thing

Illustrated notes

Levels and vault maps discovered:
D:1:      erik_arrival_blinker_ship, layout_loops_corners, minmay_statues_item,
          kennysheep_nondescript
D:2:      layout_rooms, shapermc_ecumenical_altar_mp_vishouse
D:3:      layout_basic, hangedman_abyss_or_decor_lesser_grid
D:4:      layout_loops_corners, minmay_mini_jars, uniq_grinder, uniq_ijyb
D:5:      wander_river, layout_loops_ring, gammafunk_temple_overflow_elements,
          minmay_temple_entry_grid, uniq_menkaure
D:6:      layout_basic, serial_shops, nicolae_shop_advertising_works
          [nicolae_subvault_shop_adworks], minmay_microvault
D:7:      layout_basic, serial_shops, shop, grunt_decor_mini_mirrors,
          nicolae_shop_overcharged_wands
D:8:      layout_cave_pools, lair_entry_dummy
D:9:      layout_stronghold, serial_shops, shop
D:10:     layout_basic, serial_shops, nicolae_square_shop
D:11:     layout_stronghold, erik_orc_1
D:12:     layout_roguey
D:13:     layout_gridville, gammafunk_ghost_ooze, serial_glass, glass_columns_a,
          glass_columns_c, item_on_display_a, due_unseen_surprise,
          minmay_strange_pillars, uniq_kirke
D:14:     layout_stronghold, grunt_vaults_entry_fortified,
          chequers_serial_rivers_room_b, portal_ice_cave_entry_ugly_swarm
Lair:1:   layout_chaotic_city, infiniplex_staircase_pool_2, grunt_megastairs_4,
          serial_bayou_shore_a, lemuel_fruit_tree, serial_bayou_shore_b
Lair:2:   layout_regular_city, guppyfry_snake_entry_island
Lair:3:   layout_regular_city, minmay_shoals_entry_hut
Lair:4:   layout_misc_corridors, slime_entry_2, grunt_megastairs_1
Lair:5:   grunt_lair_end_beastmaster, layout_gridlike, st_stairs_7, uniq_rupert

Skill      XL: |  1  2  3  4  5  6  7  8  9 10 11 12 13 14 |
---------------+-------------------------------------------+-----
Stealth        | 2 3 4 5 6 7 8 9 |  9.5
Dodging        | 2 3 4 5 6 7 8 |  8.8
Fire Magic     | 3 4 5 6 7 8 |  8.9
Fighting       | 1 2 3 4 5 6 7 8 9 |  9.0
Conjurations   | 2 3 4 5 6 7 8 9 |  9.2
Invocations    | 1 2 3 5 6 8 9 10 11 | 11.7
Spellcasting   | 3 4 5 6 7 8 |  8.8
Transmutations | 2 4 |  4.5
Poison Magic   | 2 4 5 |  5.0
Hexes          | 2 4 |  4.9

Action                   |  1- 3 |  4- 6 |  7- 9 | 10-12 | 13-15 || total
-------------------------+-------+-------+-------+-------+-------++-------
Melee: Short sword       |    13 |     4 |     4 |       |       ||    21
       Spear             |       |       |    39 |   132 |   121 ||   292
       Headbutt          |       |       |     9 |    31 |    40 ||    80
Throw: Throwing net      |       |       |       |       |     2 ||     2
 Cast: Foxfire           |    60 |    40 |    62 |   302 |   109 ||   573
       Scorch            |    15 |    32 |    64 |   113 |   128 ||   352
       Inner Flame       |       |       |       |     2 |     4 ||     6
       Mephitic Cloud    |       |       |       |     2 |     2 ||     4
       Ignite Poison     |       |       |       |       |     2 ||     2
Invok: Ancestor Life: Ba |       |     1 |       |       |       ||     1
       Recall Ancestor   |       |       |       |       |     1 ||     1
Evoke: Wand              |       |       |     1 |     3 |     5 ||     9
  Use: Potion            |     3 |       |     1 |       |     6 ||    10
       Scroll            |       |     2 |     2 |    26 |    17 ||    47
 Stab: Distracted        |       |       |       |     2 |     1 ||     3
       Sleeping          |       |       |       |     1 |     4 ||     5
Armor: Robe              |       |     1 |    14 |    45 |     5 ||    65
       Leather armour    |       |       |       |       |    22 ||    22
       Troll leather arm |       |       |       |       |    34 ||    34
Dodge: Dodged            |    17 |    10 |    60 |   130 |   158 ||   375
